 Dungeon Crawl Stone Soup version 0.30-a0-591-g3c58d2bc28 (webtiles) character file.

Game seed: 16424842067941494236

1467 flotson the Sneak (level 8, -8/52 (55) HPs)
             Began as a Demonspawn Delver on Jan 4, 2023.
             Was a Follower of Hepliaklqana.
             Mangled by a wight
             ... wielding a +0 halberd
              (14 damage)
             ... on level 6 of the Dungeon.
             The game lasted 00:11:50 (5292 turns).

flotson the Sneak (Demonspawn Delver)               Turns: 5292, Time: 00:11:51

HP:   -8/52 (55)    AC:  3    Str: 22    XL:     8   Next: 48%
MP:   10/10         EV: 12    Int: 11    God:    Hepliaklqana [*.....]
Gold: 328           SH:  0    Dex: 14    Spells: 7/7 levels left

rFire   . . .      SeeInvis .    a - +7 short sword "Sint" {venom, *Corrode rC+++ Str+8 Dex-4}
rCold   + + +      Faith    .    (no shield)
rNeg    . . .      Spirit   .    o - +0 ring mail
rPois   .          Reflect  .    (helmet restricted)
rElec   .          Harm     .    (no cloak)
rCorr   .          Rampage  .    (no gloves)
Will    .....                    f - +1 pair of boots
Stlth   +++                      (no amulet)
HPRegen 0.28/turn                s - ring of flight
MPRegen 0.12/turn                (no ring)

@: corroded, flying, drained
A: reduced essence, antennae 2, thin skeletal structure 1, powered by death 3
a: Renounce Religion, Recall Ancestor, Ancestor Identity


You were on level 6 of the Dungeon.
You worshipped Hepliaklqana.
Hepliaklqana was aware of your devotion.
You visited 2 branches of the dungeon, and saw 7 of its levels.

You collected 328 gold pieces.

Inventory:

Hand Weapons
 a - the +7 short sword "Sint" (weapon) {venom, *Corrode rC+++ Str+8 Dex-4}
   (You found it on level 3 of the Dungeon)

   Str:       It affects your strength (+8).
   Dex:       It affects your dexterity (-4).
   rC:        It renders you almost immune to cold.
   *Corrode:  It may corrode you when you take damage.
 b - the +2 sling "Cumpofo" {flame, rF+ Will+ Str+9 Stlth-}
   (You found it on level 6 of the Dungeon)

   Str:       It affects your strength (+9).
   rF:        It protects you from fire.
   Will:      It increases your willpower.
   Stlth:     It makes you less stealthy.
 n - a +0 trident of protection
Missiles
 h - 8 poisoned darts (quivered)
 t - 3 javelins
Armour
 f - a +1 pair of boots (worn)
 o - a +0 ring mail (worn)
Jewellery
 s - a ring of flight (left hand)
Wands
 g - a wand of digging (3)
 q - a wand of mindburst (8)
Scrolls
 c - 2 scrolls of fog
 d - 2 scrolls of magic mapping
 e - 3 scrolls of fear
 i - 6 scrolls of identify {unknown}
 j - a scroll of vulnerability {unknown}
 m - 6 scrolls of teleportation {unknown}
 p - 3 scrolls of poison {unknown}
 r - 2 scrolls of immolation {unknown}
 u - a scroll of noise {unknown}
 w - a scroll of acquirement {unknown}
 x - 2 scrolls of blinking {unknown}
 y - a scroll of enchant armour {unknown}
Potions
 k - a potion of curing
 l - 3 potions of heal wounds {unknown}
 v - 3 potions of attraction
 z - a potion of berserk rage {unknown}
 A - 2 potions of lignification
 B - a potion of degeneration {unknown}
 C - a potion of might {unknown}


   Skills:
 + Level 5.0 Fighting
 - Level 0.1 Short Blades
 + Level 4.0 Axes
 + Level 3.6 Throwing
 + Level 3.5 Armour
 + Level 4.0 Dodging
 - Level 5.0 Stealth
 + Level 2.7 Invocations
 + Level 4.0 Evocations


You had 7 spell levels left.
You didn't know any spells.
Your spell library contained the following spells:

 Spells                   Type           Power      Damage    Failure   Level
 Apportation              Tloc           0%         N/A       50%         1
 Necrotise                Necr           0%         1d4       50%         1
 Summon Small Mammal      Summ           0%         N/A       50%         1
 Static Discharge         Conj/Air       0%         2-2/arc   63%         2
 Gell's Gravitas          Tloc           0%         N/A       86%         3
 Teleport Other           Tloc           0%         N/A       86%         3
 Ice Form                 Ice/Tmut       0%         N/A       99%         4
 Dispersal                Tloc           0%         N/A       100%        6
 Orb of Destruction       Conj           0%         9d5       100%        7
 Spellforged Servitor     Conj/Summ      0%         N/A       100%        7


Dungeon Overview and Level Annotations

Branches:
Dungeon (6/15)             Temple (1/1) D:5

Altars:
Ashenzari
Cheibriados
Dithmenos
Fedhas
Gozag
Hepliaklqana
Kikubaaqudgha
Makhleb
Nemelex Xobeh
Okawaru
Qazlal
Ru
Sif Muna
Trog
Uskayaw
Vehumet
Wu Jian
Xom
Yredelemnul

Shops:
D:4 (


Innate Abilities, Weirdness & Mutations

Your life essence is reduced to manifest your ancestor. (-10% HP)
You have a pair of antennae on your head.
You have a somewhat thin skeletal structure. (Dex +2, Stealth+)
You regenerate a lot of health from kills.


Message History

No target in view!
No target in view!
No target in view!
No target in view!
No target in view!
No target in view!
Magic restored.
A wight comes into view. It is wielding a +0 halberd.
Found a war axe.
A wight comes into view. It is wielding a +4 dagger.
The wight moves out of view.
The wight hits you with a +0 halberd!
You barely miss the wight. The wight hits you with a +0 halberd.
You feel drained.
Your corrosive artefact corrodes you!
You hit the wight but do no damage. The wight hits you with a +0 halberd!
Zdislav hits the wight.
You are too injured to fight recklessly!
You are too injured to fight recklessly!
You are too injured to fight recklessly!
You are too injured to fight recklessly!
You are too injured to fight recklessly!
You are too injured to fight recklessly!
You are too injured to fight recklessly!
You are too injured to fight recklessly!
You are too injured to fight recklessly!
You hit the wight.
The wight is heavily damaged.
The wight barely misses you.
Zdislav hits the wight but does no damage.
You hit the wight but do no damage.
The wight is heavily damaged.
The wight hits you with a +0 halberd!
* * * LOW HITPOINT WARNING * * *
You feel drained.
* * * LOW HITPOINT WARNING * * *
Zdislav barely misses the wight.
You hit the wight.
The wight is severely damaged.
The wight hits you with a +0 halberd!
You die...

.....##{ ##......# ....#
{##......# #....
#.......# #...#
##......# #...##
##......# ....##
##.......#
#)...#.#........#
########.....#.........#
.............#.R@......#
.#######.....#..z......#
.# #.....#.........# .#
####.###.####.### .#
....) .# .# ..## z .#
... # .# . .#


You could see the friendly Zdislav the ancestor and a wight (ally target).

Vanquished Creatures
  A water moccasin (D:6)
  3 black bears
  2 centaurs (D:6)
  2 phantoms
  3 bullfrogs
  2 scorpions (D:5)
  A necrophage (D:5)
  3 jellies
  A hound (D:3)
  A gnoll bouda (D:5)
  An iguana (D:4)
  10 adders
  3 gnolls (D:5)
  A shadow imp (D:6)
  2 worms (D:2)
  A dart slug (D:2)
  10 orcs
  5 bats
  6 endoplasms
  3 giant cockroaches (D:1)
  12 goblins
  8 hobgoblins
  15 jackals
  6 kobolds
  5 quokkas
  6 ball pythons
  6 frilled lizards
  10 rats
129 creatures vanquished.

Vanquished Creatures (others)
  6 plants (D:5)
6 creatures vanquished.

Grand Total: 135 creatures vanquished

Notes
Turn   | Place    | Note
-------+----------+-------------------------------------------
     0 | D:5      | flotson the Demonspawn Delver began the quest for the Orb.
     0 | D:5      | Reached XP level 1. HP: 18/18 MP: 1/1
    27 | D:5      | Found a staircase to the Ecumenical Temple.
    34 | Temple   | Entered the Ecumenical Temple
   233 | D:4      | Gained mutation: You have a somewhat thin skeletal
                  | structure. (Dex +2, Stealth+) [demonic ancestry]
   233 | D:4      | Reached XP level 2. HP: 7/24 MP: 2/2
   429 | D:4      | Noticed a necrophage
   712 | D:2      | Gained mutation: You have a pair of small antennae on your
                  | head. [demonic ancestry]
   712 | D:2      | Reached XP level 3. HP: 25/29 MP: 3/3
   855 | D:1      | Reached skill level 1 in Armour
   860 | D:1      | Reached skill level 1 in Evocations
   991 | D:1      | Got the Book of Remoulded Battling
  1346 | D:2      | Gained mutation: You have a pair of antennae on your head.
                  | [demonic ancestry]
  1346 | D:2      | Reached XP level 4. HP: 35/35 MP: 4/4
  1360 | D:2      | Reached skill level 1 in Throwing
  2154 | D:3      | Reached XP level 5. HP: 41/41 MP: 5/5
  2339 | D:3      | Reached skill level 5 in Stealth
  2412 | D:3      | Identified the +7 short sword "Sint" {venom, *Corrode rC+++
                  | Str+8 Dex-4}
  2795 | D:4      | Noticed a phantom
  2824 | D:4      | Killed a phantom
  2825 | D:4      | Gained mutation: You regenerate a little health from kills.
                  | [demonic ancestry]
  2825 | D:4      | Reached XP level 6. HP: 34/48 MP: 6/6
  2883 | D:4      | Found Olatainuop's Weapon Boutique.
  3420 | D:5      | HP: 1/48 [orc/+0 dagger (2)]
  3809 | D:5      | Gained mutation: You regenerate health from kills. [demonic
                  | ancestry]
  3809 | D:5      | Reached XP level 7. HP: 20/54 MP: 7/7
  4310 | D:5      | Found an ancient bone altar of Kikubaaqudgha.
  4312 | D:5      | Found a hazy altar of Hepliaklqana.
  4335 | D:5      | Became a worshipper of Hepliaklqana the Forgotten
  4741 | D:6      | Reached skill level 1 in Invocations
  4825 | D:6      | Gained mutation: You regenerate a lot of health from kills.
                  | [demonic ancestry]
  4825 | D:6      | Reached XP level 8. HP: 59/61 MP: 7/9
  4911 | D:6      | Identified the +2 sling "Cumpofo" {flame, rF+ Will+ Str+9
                  | Stlth-}
  4963 | D:6      | HP: 2/91 [poisoned by a water moccasin]
  5155 | D:6      | Reached * piety under Hepliaklqana
  5273 | D:6      | Reached skill level 5 in Fighting
  5292 | D:6      | Mangled by a wight

Illustrated notes

Levels and vault maps discovered:
D:1:      eino_arrival_cavern_b, layout_basic, minmay_misc_feat_square
D:2:      kennysheep_the_goblin_king, layout_loops_ring
D:3:      layout_loops_cross, grunt_decor_fettered
D:4:      layout_loops_ring, serial_shops, nicolae_shop_hallway_stairs
D:5:      wad_lake_hut, layout_rooms,
          chequers_temple_overflow_statue_of_worship,
          minmay_temple_entry_junction, serial_rivers,
          chequers_serial_rivers_large_b, chequers_serial_rivers_micro_b,
          chequers_serial_rivers_small_b, chequers_serial_rivers_small_b,
          chequers_serial_rivers_large_a, chequers_serial_rivers_room_a,
          grunt_ministairs_9, eino_curves_03
D:6:      layout_basic, minmay_manual_macuahuitl
Temple:   hellmonk_temple_of_storms

Skill      XL: |  1  2  3  4  5  6  7  8 |
---------------+-------------------------+-----
Axes           | 2 3 4 |  4.0
Dodging        | 2 3 4 |  4.0
Armour         | 1 2 3 |  3.5
Evocations     | 1 2 3 4 |  4.0
Throwing       | 1 2 3 |  3.6
Stealth        | 5 |  5.0
Fighting       | 4 5 |  5.0
Invocations    | 1 2 |  2.7
Short Blades   | |  0.1

Action                   |  1- 3 |  4- 6 |  7- 9 || total
-------------------------+-------+-------+-------++-------
Melee: Hand axe          |    25 |       |       ||    25
       Trident           |    78 |   125 |       ||   203
       Short sword       |       |    99 |   103 ||   202
       Punch             |       |     1 |       ||     1
 Fire: Sling             |       |       |     8 ||     8
Throw: Dart              |       |     4 |       ||     4
Evoke: Wand              |       |       |     1 ||     1
  Use: Potion            |       |     1 |     4 ||     5
 Stab: Sleeping          |    17 |    18 |     4 ||    39
Armor: Ring mail         |    33 |    91 |    24 ||   148
       Leather armour    |     3 |       |       ||     3
       Skin              |       |       |    10 ||    10
Dodge: Dodged            |    46 |   129 |    52 ||   227

Table legend: (Time is in decaauts)
 A = Elapsed time spent in this place.
 B = Non-inter-level travel time spent in this place.
 C = Inter-level travel time spent in this place.
 D = Time resting spent in this place.
 E = Time spent auto-exploring this place.
 F = Levels seen in this place.
 G = Mean time per level.
                   A        B        C        D        E       F      G
               +--------+--------+--------+--------+--------+-----+--------+
         Total |   5328 |   5127 |    201 |    249 |   3690 |   7 |  761.1 |
       Dungeon |   5288 |   5094 |    194 |    249 |   3672 |   6 |  881.3 |
        Temple |     39 |     32 |      7 |      0 |     18 |   1 |   39.0 |
               +--------+--------+--------+--------+--------+-----+--------+

Top non-repeatable levels by time:
     D:5: 1370 daAuts
     D:2: 918 daAuts
     D:4: 901 daAuts
     D:3: 770 daAuts
     D:6: 743 daAuts
     D:1: 584 daAuts
  Temple: 39 daAuts
